 Dungeon Crawl Stone Soup version 0.29-a0-802-g34511f41fd (webtiles) character file.

Game seed: 2834993824955287459

93 Sabo the Poker (level 4, 0/34 HPs)
             Began as a Merfolk Gladiator on July 3, 2022.
             Slain by a gnoll
             ... wielding a +0 whip
              (7 damage)
             ... on level 3 of the Dungeon.
             The game lasted 00:12:15 (3072 turns).

Sabo the Poker (Merfolk Gladiator)                  Turns: 3072, Time: 00:12:15

Health: 0/34       AC:  5    Str: 22    XL:     4   Next: 61%
Magic:  4/4        EV: 13    Int:  7    God:
Gold:   169        SH:  0    Dex: 15    Spells: 3/3 levels left

rFire   . . .      SeeInvis .   a - +0 trident
rCold   . . .      Faith    .   (no shield)
rNeg    . . .      Spirit   .   b - +0 leather armour
rPois   .          Reflect  .   c - +0 helmet
rElec   .          Harm     .   s - +0 cloak
rCorr   .          Rampage  .   (no gloves)
Will    .....                   (no boots)
Stlth   +.........              (no amulet)
HPRegen 0.11/turn               m - +6 ring of strength
MPRegen 0.09/turn               (no ring)

@: no status effects
A: (nimble swimmer 2), mertail
a: no special abilities


You were on level 3 of the Dungeon.
You visited 1 branch of the dungeon, and saw 3 of its levels.

You collected 169 gold pieces.

Inventory:

Hand Weapons
 a - a +0 trident (weapon)
 h - a +0 sling
Missiles
 d - 3 throwing nets (quivered)
 e - a javelin
 i - 2 poisoned darts
Armour
 b - a +0 leather armour (worn)
 c - a +0 helmet (worn)
 s - a +0 cloak (worn)
Jewellery
 m - a +6 ring of strength (left hand)
Scrolls
 l - a scroll of enchant armour
 n - a scroll of poison
 p - a scroll of fog
 r - a scroll of enchant weapon
Potions
 f - a potion of degeneration {unknown}
 g - 2 potions of might {unknown}
 j - 2 potions of flight {unknown}
 k - 2 potions of brilliance {unknown}
 o - a potion of magic {unknown}
 q - 3 potions of curing {unknown}


   Skills:
 + Level 2.9 Fighting
 + Level 5.4 Polearms
 + Level 2.0 Throwing
 + Level 1.0 Armour
 + Level 4.7 Dodging
 + Level 0.4 Stealth


You had 3 spell levels left.
You didn't know any spells.
Your spell library contained the following spells:

 Spells                   Type           Power      Damage    Failure   Level
 Slow                     Hex            0%         N/A       47%         1
 Confusing Touch          Hex            0%         N/A       85%         3
 Frozen Ramparts          Ice            0%         1d2       85%         3
 Vampiric Draining        Necr           0%         2d6       85%         3
 Ice Form                 Ice/Tmut       0%         N/A       99%         4
 Summon Ice Beast         Ice/Summ       0%         N/A       99%         4


Dungeon Overview and Level Annotations

Branches:
Dungeon (3/15)

Altars:
Cheibriados


Innate Abilities, Weirdness & Mutations

((You are very nimble when in or above water. (Stealth+, EV+, Speed+++)))
Your lower body shifts to a powerful aquatic tail in water.


Message History

You closely miss the gnoll.
The gnoll is severely wounded.
The gnoll barely misses you.
You hit the gnoll.
You kill the gnoll!
You barely miss the gnoll. The gnoll hits you with a +0 flail!
You puncture the gnoll!
The gnoll is almost dead.
The gnoll closely misses you.
You hit the gnoll.
The gnoll is almost dead.
The gnoll barely misses you.
You barely miss the gnoll.
The gnoll is almost dead.
The gnoll barely misses you.
You hit the gnoll but do no damage.
The gnoll is almost dead.
The gnoll hits you with a +0 flail.
You barely miss the gnoll.
The gnoll is almost dead.
The gnoll closely misses you.
You hit the gnoll.
You kill the gnoll!
You closely miss the gnoll. The gnoll closely misses you.
You hit the gnoll but do no damage. The gnoll hits you with a +0 club.
* * * LOW HITPOINT WARNING * * *
You puncture the gnoll!
The gnoll is severely wounded.
The gnoll barely misses you. The gnoll closely misses you.
You puncture the gnoll!
You kill the gnoll!
Your Armour skill increases to level 1!
You puncture the gnoll!
The gnoll is heavily wounded.
The gnoll hits you with a +0 whip.
* * * LOW HITPOINT WARNING * * *
You barely miss the gnoll.
The gnoll is heavily wounded.
The gnoll hits you with a +0 whip!
You die...

# # ## .. ##
.. #. ##
##########
.. #
#....†...# .
#.######@#.#
# #.#
#g#.#.# #.#
#.....# #.#
#..#.g.?.
#.#
##....##.
#.# ###....
#.# ... #.#
### ## #.#
...


You could see a gnoll.

Vanquished Creatures
  An adder (D:2)
  4 gnolls
  A worm (D:3)
  An orc (D:3)
  8 endoplasms
  2 giant cockroaches
  5 hobgoblins
  A quokka (D:1)
  6 ball pythons
  4 bats
  3 frilled lizards
  5 kobolds
41 creatures vanquished.

Notes
Turn   | Place    | Note
-------+----------+-------------------------------------------
     0 | D:1      | Sabo the Merfolk Gladiator began the quest for the Orb.
     0 | D:1      | Reached XP level 1. HP: 16/16 MP: 1/1
   416 | D:1      | Reached XP level 2. HP: 23/23 MP: 2/2
  1088 | D:1      | Reached XP level 3. HP: 28/28 MP: 3/3
  2615 | D:3      | Found a snail-covered altar of Cheibriados.
  2741 | D:3      | Reached skill level 5 in Polearms
  2775 | D:3      | Reached XP level 4. HP: 31/34 MP: 4/4
  3071 | D:3      | Reached skill level 1 in Armour
  3072 | D:3      | Slain by a gnoll

Illustrated notes

Levels and vault maps discovered:
D:1:      minmay_arrival_checkered_box, layout_loops_ring, grunt_decor_cap,
          lemuel_old_faithful
D:2:      layout_loops_corners
D:3:      layout_loops_ring, nicolae_overflow_hidden_temple, cheibriados_altar_1

Skill      XL: |  1  2  3  4 |
---------------+-------------+-----
Polearms       | 5 |  5.4
Armour         | 1 |  1.0
Fighting       | |  2.9
Throwing       | |  2.0
Dodging        | |  4.7
Stealth        | |  0.4

Action                   |  1- 3 |  4- 6 || total
-------------------------+-------+-------++-------
Melee: Trident           |   106 |    31 ||   137
  Use: Scroll            |     6 |       ||     6
 Stab: Sleeping          |     1 |       ||     1
Armor: Leather armour    |    30 |     4 ||    34
Dodge: Dodged            |    71 |    14 ||    85

Table legend: (Time is in decaauts)
 A = Elapsed time spent in this place.
 B = Non-inter-level travel time spent in this place.
 C = Inter-level travel time spent in this place.
 D = Time resting spent in this place.
 E = Time spent auto-exploring this place.
 F = Levels seen in this place.
 G = Mean time per level.
                   A        B        C        D        E       F      G
               +--------+--------+--------+--------+--------+-----+--------+
         Total |   3072 |   3072 |      0 |    743 |      0 |   3 | 1024.0 |
       Dungeon |   3072 |   3072 |      0 |    743 |      0 |   3 | 1024.0 |
               +--------+--------+--------+--------+--------+-----+--------+

Top non-repeatable levels by time:
     D:1: 1404 daAuts
     D:2: 1105 daAuts
     D:3: 562 daAuts
